 Dungeon Crawl Stone Soup version 0.28.0-45-g0d030f2227 (webtiles) character file.

Game seed: 775310394572783413

37 protoss039 the Digger (level 3, -2/28 HPs)
             Began as a Demonspawn Earth Elementalist on May 15, 2022.
             Killed from afar by Sigmund (5 damage)
             ... with a puff of flame
             ... on level 2 of the Dungeon.
             The game lasted 00:02:51 (3116 turns).

protoss039 the Digger (DsEE)                        Turns: 3116, Time: 00:02:51

Health: -2/28      AC:  4    Str:  8    XL:     3   Next: 21%
Magic:  0/6        EV: 12    Int: 18    God:
Gold:   112        SH:  0    Dex: 13    Spells: 0/6 levels left

rFire   . . .      SeeInvis .   i - +0 dagger
rCold   . . .      Faith    .   (no shield)
rNeg    . . .      Spirit   .   b - +0 robe
rPois   .          Reflect  .   (no helmet)
rElec   .          Harm     .   (no cloak)
rCorr   .          Rampage  .   (no gloves)
Will    .....                   (no boots)
Stlth   ++........              (no amulet)
HPRegen 0.09/turn               (no ring)
MPRegen 0.10/turn               (no ring)

@: no status effects
A: rugged brown scales 2
a: no special abilities


You were on level 2 of the Dungeon.
You visited 1 branch of the dungeon, and saw 2 of its levels.

You collected 112 gold pieces.

Inventory:

Hand Weapons
 i - a +0 dagger (weapon)
Missiles
 c - 52 stones
Armour
 b - a +0 robe (worn)
Scrolls
 a - a scroll of teleportation {unknown}
 d - 2 scrolls of identify {unknown}
 e - a scroll of immolation {unknown}
 g - a scroll of amnesia {unknown}
 h - a scroll of fog {unknown}
 j - a scroll of vulnerability {unknown}
 k - a scroll of enchant weapon {unknown}


   Skills:
 * Level 2.0 Fighting
 - Level 1.7 Dodging
 - Level 1.7 Stealth
 + Level 2.3 Spellcasting
 - Level 1.0 Transmutations
 + Level 3.0 Earth Magic


You couldn't memorise any spells.
You knew the following spells:

 Your Spells              Type           Power      Damage    Failure   Level
a - Sandblast             Erth           26%        2d8       4%          1
b - Passwall              Tmut/Erth      7%         N/A       12%         2
c - Stone Arrow           Conj/Erth      14%        3d7       28%         3

Your spell library contained the following spells:

 Spells                   Type           Power      Damage    Failure   Level
 Ignite Poison            Fire/Tmut/Pois 3%         N/A       41%         3
 Conjure Flame            Conj/Fire      2%         6-21      45%         3
 Petrify                  Tmut/Erth      9%         N/A       58%         4
 Sticky Flame             Conj/Fire      2%         2d3       86%         4


Dungeon Overview and Level Annotations

Branches:
Dungeon (2/15)

Altars:

Annotations:
D:2 Sigmund


Innate Abilities, Weirdness & Mutations

You are mostly covered in rugged brown scales. (AC +2, +5% HP)


Message History

Confirm with . or Enter, or press ? or * to list all spells.
Aiming: Sandblast (safe; 4% risk of failure)
Press: ? - help, Shift-Dir - straight line The blast of sand hits something!
Something hits you!
Unknown command.
Casting: Sandblast (safe; 4% risk of failure)
Confirm with . or Enter, or press ? or * to list all spells.
Aiming: Sandblast (safe; 4% risk of failure)
Press: ? - help, Shift-Dir - straight line The blast of sand hits something.
Something hits you.
Unknown command.
Casting: Sandblast (safe; 4% risk of failure)
Confirm with . or Enter, or press ? or * to list all spells.
You don't have enough magic to cast this spell.
You are confused.
You bump into the rock wall.
You bump into the rock wall.
A puff of flame appears from out of thin air!
The puff of flame hits you!
* * * LOW HITPOINT WARNING * * *
You're too confused to cast spells.
Unknown command.
It was a potion of curing.
You feel better.
Unknown command.
Casting: Sandblast (safe; 4% risk of failure)
Confirm with . or Enter, or press ? or * to list all spells.
Aiming: Sandblast (safe; 4% risk of failure)
Press: ? - help, Shift-Dir - straight line The blast of sand hits something.
You hear some strange, mumbled words.
Something tries to affect you, but you resist.
Unknown command.
Unknown command.
A magic dart appears from out of thin air!
The magic dart hits you.
* * * LOW HITPOINT WARNING * * *
Unknown command.
A puff of flame appears from out of thin air!
The puff of flame hits you.
You die...

######### #.......#
#.#####.# #.# #.#
#######.### #.# #.......@.#
#.# ### #.#######.# #.#
##.# #.# #.# #.# ##.#.
#########.# #.# #.# #.###
........#.# #{# #.# ###.#.
#######.#.# #.###.# #....#
#.#.# #...#.# #...##
#.#.#######.#.#.# #...##
#.#.........#.#.#######..#.


There were no monsters in sight!

Vanquished Creatures
  A dart slug (D:1)
  2 bats
  2 endoplasms (D:1)
  2 giant cockroaches (D:2)
  3 goblins
  5 hobgoblins
  2 kobolds
  A quokka (D:1)
  4 ball pythons
  A frilled lizard (D:1)
  8 rats
31 creatures vanquished.

Notes
Turn   | Place    | Note
-------+----------+-------------------------------------------
     0 | D:1      | protoss039 the Demonspawn Earth Elementalist began the
                  | quest for the Orb.
     0 | D:1      | Reached XP level 1. HP: 13/13 MP: 3/3
    93 | D:1      | Reached skill level 1 in Transmutations
   161 | D:1      | Found a faded altar of an unknown god.
   347 | D:1      | Reached skill level 1 in Fighting
   347 | D:1      | Gained mutation: You are partially covered in rugged brown
                  | scales. (AC +1, +3% HP) [demonic ancestry]
   347 | D:1      | Reached XP level 2. HP: 12/21 MP: 3/5
  1660 | D:1      | Learned a level 2 spell: Passwall
  2073 | D:2      | Reached skill level 3 in Earth Magic
  2140 | D:2      | Noticed Sigmund
  2450 | D:2      | Gained mutation: You are mostly covered in rugged brown
                  | scales. (AC +2, +5% HP) [demonic ancestry]
  2450 | D:2      | Reached XP level 3. HP: 22/28 MP: 6/6
  3101 | D:2      | Learned a level 3 spell: Stone Arrow
  3116 | D:2      | Killed from afar by Sigmund

Illustrated notes

Levels and vault maps discovered:
D:1:      psy_arrival_terrarium, layout_basic, basic_ecumenical_altar
D:2:      layout_loops_ring, uniq_sigmund

Skill      XL: |  1  2  3 |
---------------+----------+-----
Transmutations | 1 |  1.0
Fighting       | 1 2 |  2.0
Earth Magic    | 3 |  3.0
Dodging        | |  1.7
Stealth        | |  1.7
Spellcasting   | |  2.3

Action                   || total
-------------------------++-------
Melee: Unarmed           ||    97
       Dagger            ||    60
       Punch             ||     4
 Cast: Sandblast         ||    27
       Stone Arrow       ||     1
  Use: Potion            ||     1
 Stab: Sleeping          ||     3
Armor: Robe              ||    24
Dodge: Dodged            ||   104
